 Dungeon Crawl Stone Soup version 0.29-a0-330-g52719c12eb (webtiles) character file.

Game seed: 763713810093581729

47 jt the Covert (level 3, 0/26 HPs)
             Began as an Octopode Delver on May 5, 2022.
             Was an Initiate of Elyvilon.
             Slain by a black bear (1 damage)
             ... on level 4 of the Dungeon.
             The game lasted 00:02:16 (606 turns).

jt the Covert (Octopode Delver)                      Turns: 606, Time: 00:02:18

Health: 0/26       AC:  1    Str: 11    XL:     3   Next: 70%
Magic:  3/3        EV: 13    Int: 12    God:    Elyvilon [......]
Gold:   43         SH:  0    Dex: 15    Spells: 2/2 levels left

rFire   . . .      SeeInvis .   a - +0 short sword
rCold   . . .      Faith    .   (no shield)
rNeg    . . .      Spirit   .   (helmet restricted)
rPois   .          Reflect  .   g - amulet of regeneration
rElec   .          Harm     .   (no ring)
rCorr   .          Rampage  .   (no ring)
Will    .....                   (no ring)
Stlth   +++++.....              (no ring)
HPRegen 0.88/turn               (no ring)
MPRegen 0.08/turn               (no ring)
                                (no ring)
                                (no ring)

@: no status effects
A: almost no armour, amphibious, 8 rings, camouflage 1, gelatinous body 1,
(nimble swimmer 1), tentacles
a: Renounce Religion


You were on level 4 of the Dungeon.
You worshipped Elyvilon.
Elyvilon was noncommittal.
You visited 1 branch of the dungeon, and saw 2 of its levels.

You collected 43 gold pieces.

Inventory:

Hand Weapons
 a - a +0 short sword (weapon)
Missiles
 i - 22 stones (quivered)
 l - 3 poisoned darts
Jewellery
 g - an amulet of regeneration (around mantle)
Wands
 f - a wand of digging (3)
 m - a wand of iceblast (14)
Scrolls
 b - a scroll of fog
 c - a scroll of torment {unknown}
 d - a scroll of vulnerability {unknown}
 j - a scroll of teleportation {unknown}
Potions
 e - 2 potions of haste
 h - a potion of might {unknown}
 k - a potion of magic {unknown}


   Skills:
 + Level 3.0 Fighting
 + Level 2.0 Short Blades
 + Level 2.0 Dodging
 + Level 8.3 Stealth
 + Level 0.0 Evocations


You had 2 spell levels left.
You didn't know any spells.
Your spell library contained the following spells:

 Spells                   Type           Power      Damage    Failure   Level
 Summon Forest            Summ/Tloc      0%         N/A       100%        5
 Summon Mana Viper        Hex/Summ       0%         N/A       100%        5
 Summon Cactus Giant      Summ           0%         N/A       100%        6


Dungeon Overview and Level Annotations

Branches:
Dungeon (5/15)             Temple (0/1) D:4

Altars:
Elyvilon
Kikubaaqudgha
Ru

Portals:
Sewer: D:4


Innate Abilities, Weirdness & Mutations

You cannot wear most types of armour.
You are amphibious.
You can wear up to eight rings at the same time.
Your skin changes colour to match your surroundings (Stealth+).
Your rubbery body absorbs attacks. (AC +1, EV +1)
((You are camouflaged when in or above water. (Stealth+)))
You have tentacles for arms and can constrict up to eight enemies at once.


Message History

You see here a +0 hand axe.
There is a staircase to the Ecumenical Temple here.
You hear the slow rusting of a drain very nearby.
Found 16 gold pieces.
You see here 3 poisoned darts.
l - 3 poisoned darts You now have 43 gold pieces (gained 16).
m - a wand of iceblast (15)
Found a potion of haste.
e - 2 potions of haste (gained 1)
You see here a +0 chain mail.
There is a staircase to the Ecumenical Temple here.
A black bear comes into view.
You hear the slow rusting of a drain. 3 giant cockroaches come into view.
Found a glowing drain.
An orc comes into view. It is wielding a +1 vampiric war axe.
The helpless black bear fails to defend itself.
You impale the black bear!! Your grab misses the black bear.
You squeeze the black bear, but do no damage.
The black bear is severely wounded.
The black bear goes berserk!
You hit the black bear. Your grab misses the black bear.
Your squeeze misses the black bear.
The black bear is severely wounded.
The black bear bites you! The black bear claws you. x2
You are too injured to fight recklessly!
Aiming: Iceblast
Press: ? - help, Shift-Dir - straight line The mass of ice explodes!
The iceblast engulfs the black bear!
The black bear is almost dead.
The iceblast engulfs the giant cockroach!
You kill the giant cockroach!
The black bear closely misses you. The black bear misses you.
The black bear claws you!
* * * LOW HITPOINT WARNING * * *
The black bear bites you.
* * * LOW HITPOINT WARNING * * *
The black bear claws you.
You die...

**###.##........#.....#..>*
*,*#..##.##.#..##.#.#********
*****,*#................#
*,,,,,,
,,,,,,*##########.#.#####
*,***** *******
##...#####**,* #.........,,,*
#.####.###**,** #.# *.# *,,*
#@#****#*****,*
#h.B≈≈≈≈≈≈≈≈,,*
#..B≈≈o∩≈≈≈≈,,*
##.≈≈≈≈≈≈≈≈≈,** *#######*****
*,* *,* *,***********
*,,,,,,,,,,,,


You could see a black bear (berserk), an orc and 2 giant cockroaches.

Vanquished Creatures
  A hound (D:4)
  An adder (D:5)
  A dart slug (D:5)
  An orc (D:5)
  A ball python (D:4)
  An endoplasm (D:4)
  A giant cockroach (D:4)
  A goblin (D:4)
8 creatures vanquished.

Notes
Turn   | Place    | Note
-------+----------+-------------------------------------------
     0 | D:5      | jt the Octopode Delver began the quest for the Orb.
     0 | D:5      | Reached XP level 1. HP: 16/16 MP: 1/1
     7 | D:5      | Noticed a killer bee
     7 | D:5      | Noticed a killer bee
     7 | D:5      | Noticed an ice beast
     9 | D:5      | Noticed a killer bee
    48 | D:5      | Reached skill level 7 in Stealth
    48 | D:5      | Reached XP level 2. HP: 5/21 MP: 2/2
   419 | D:4      | Found a white marble altar of Elyvilon.
   432 | D:4      | Became a worshipper of Elyvilon the Healer
   486 | D:4      | Found an ancient bone altar of Kikubaaqudgha.
   504 | D:4      | Reached skill level 8 in Stealth
   504 | D:4      | Reached XP level 3. HP: 8/26 MP: 3/3
   514 | D:4      | Found a sacrificial altar of Ru.
   545 | D:4      | Found a staircase to the Ecumenical Temple.
   597 | D:4      | Noticed a black bear
   603 | D:4      | Found a glowing drain.
   606 | D:4      | HP: 1/26 [black bear (1)]
   606 | D:4      | Slain by a black bear

Illustrated notes

Levels and vault maps discovered:
D:4:      layout_basic, lemuel_crystal_altar, lemuel_round_altar,
          elyvilon_altar_4, minmay_temple_entry_ruins, serial_curves,
          eino_curves_03, eino_curves_03, eino_curves_03, eino_curves_02,
          portal_sewer_entry_f
D:5:      layout_cave_pools, uniq_duvessa

Skill      XL: |  1  2 |
---------------+-------+-----
Stealth        | 7 8 |  8.3
Fighting       | |  3.0
Short Blades   | |  2.0
Dodging        | |  2.0

Action                   || total
-------------------------++-------
Melee: Short sword       ||    21
       Tentacles         ||     7
       Constrict         ||     4
       Punch             ||     1
Throw: Stone             ||     1
Evoke: Wand              ||     1
  Use: Scroll            ||     2
 Stab: Sleeping          ||     2
Dodge: Dodged            ||    12

Table legend: (Time is in decaauts)
 A = Elapsed time spent in this place.
 B = Non-inter-level travel time spent in this place.
 C = Inter-level travel time spent in this place.
 D = Time resting spent in this place.
 E = Time spent auto-exploring this place.
 F = Levels seen in this place.
 G = Mean time per level.
                   A        B        C        D        E       F      G
               +--------+--------+--------+--------+--------+-----+--------+
         Total |    605 |    582 |     23 |    269 |      4 |   2 |  302.5 |
       Dungeon |    605 |    582 |     23 |    269 |      4 |   2 |  302.5 |
               +--------+--------+--------+--------+--------+-----+--------+

Top non-repeatable levels by time:
     D:5: 398 daAuts
     D:4: 207 daAuts
